 Dungeon Crawl Stone Soup version 0.15.2 (webtiles) character file.

277841 IkaDoka the Warrior (level 19, -3/158 (159) HPs)
             Began as a Demonspawn Gladiator on Oct 12, 2023.
             Was the Champion of Ashenzari.
             Killed from afar by a crystal guardian (illusionary) (10 damage)
             ... with a crystal bolt
             ... on Level 3 of the Depths on Nov 5, 2023.
             The game lasted 03:12:15 (55971 turns).

IkaDoka the Warrior (Demonspawn Gladiator)         Turns: 55971, Time: 03:12:15

HP  -3/158 (159) AC 39     Str 25 (28) XL: 19   Next: 61%
MP   0/31        EV 11     Int  9      God: Ashenzari [******]
Gold 4879        SH  4     Dex 11      Spells:  0 memorised, 18 levels left

rFire  + . .     SeeInvis +     P - +9 broad axe (flame) (curse)
rCold  . . .     Clarity  +     K - +5 chain mail {rPois} (curse)
rNeg   + . .     rCorr    .     p - -1 buckler "Arosh" {+Rage MR+ SInv}
rPois  +         rRot     .     s - +1 helmet (curse)
rElec  .         Spirit   +     I - +2 cloak (curse)
SustAb .         Warding  +     g - +2 pair of gloves (curse)
rMut   .         Stasis   .     (boots unavailable)
Gourm  .                        Z - cursed amulet of warding
MR     ++...                    w - cursed +4 ring of protection
                                (no ring)

@: mighty, heavily drained, very resistant to hostile enchantments, extremely
unstealthy
A: fangs 1, talons 3, iridescent scales 2, blink 1, clarity, clumsy 2,
deterioration 1, fire resistance 1, poison resistance, powered by pain 2, magic
shield, magic regeneration, no device heal 1, flame cloud immunity
a: Blink, Scrying, Transfer Knowledge, Renounce Religion, Evoke Berserk Rage
}: 2/15 runes: decaying, gossamer


You were on level 3 of the Depths.
You worshipped Ashenzari.
Ashenzari was exalted by your worship.
You were not hungry.

You visited 7 branches of the dungeon, and saw 39 of its levels.
You also visited: Bailey, Ice Cave and Volcano.

You collected 5570 gold pieces.
You spent 691 gold pieces at shops.

Inventory:

Hand weapons
 P - a cursed +9 broad axe of flaming (weapon)
Missiles
 c - 4 poisoned tomahawks (quivered)
 o - 30 tomahawks of returning
 x - 8 throwing nets
 W - 10 tomahawks
Armour
 g - a cursed +2 pair of gloves (worn)
 p - the cursed -1 buckler "Arosh" (worn) {+Rage MR+ SInv}
   (You acquired it on level 2 of the Swamp)

   It affects your resistance to hostile enchantments.
   It enhances your eyesight.
   It lets you go berserk.
   It has a curse placed upon it.
 s - a cursed +1 helmet (worn)
 I - a cursed +2 cloak (worn)
 K - a cursed +5 chain mail of poison resistance (worn)
Magical devices
 l - a wand of teleportation (2)
 m - a wand of lightning (3)
 n - a wand of disintegration (2)
 E - a wand of digging (7)
 S - a wand of paralysis (3)
 V - a wand of fire (0)
 Y - a wand of paralysis (8)
Comestibles
 f - 12 bread rations
 q - 13 meat rations
 u - 9 beef jerkies
 D - 8 royal jellies
Scrolls
 e - a scroll of silence
 h - 2 scrolls of identify
 j - 15 scrolls of teleportation
 k - 4 scrolls of enchant weapon
 r - 4 scrolls of fear
 v - 5 scrolls of magic mapping
 z - a scroll of curse jewellery
 F - 3 scrolls of fog
 L - 6 scrolls of curse armour
 O - a scroll of recharging
 U - 9 scrolls of remove curse
 X - 4 scrolls of amnesia
Jewellery
 w - a cursed +4 ring of protection (right hand)
 Z - a cursed amulet of warding (around neck)
Potions
 i - a potion of curing
 A - 2 potions of cancellation
 B - a potion of haste
 C - 5 potions of agility
 J - a potion of magic
 M - 2 potions of berserk rage
 N - 2 potions of might
 Q - a potion of resistance
Miscellaneous
 a - a crystal ball of energy
 d - a box of beasts {used: 3}
 T - a box of beasts {used: 10}


   Skills:
 + Level 16.5(13.4) Fighting
 - Level 14.9(15.7) Axes
 - Level 8.6(6.1) Throwing
 + Level 15.5(17.4) Armour
 + Level 15.3(12.4) Dodging
 * Level 6.7(7.2) Shields
 - Level 10.0 Evocations


You had 18 spell levels left.
You didn't know any spells.

Dungeon Overview and Level Annotations

Branches:
Dungeon (15/15)            Temple (1/1) D:4             Orc (2/4) D:10
   Lair (8/8) D:9           Swamp (5/5) Lair:4       Spider (5/5) Lair:3
  Slime (0/6) Lair:8       Vaults (0/5) D:14         Depths (3/5) D:15

Altars:
Ashenzari
Cheibriados
Dithmenos
Elyvilon
Fedhas
Kikubaaqudgha
Makhleb
Nemelex Xobeh
Okawaru
Qazlal
Sif Muna
Trog
Vehumet
Xom
Yredelemnul
Zin
The Shining One
Jiyva

Shops:
D:11 (   D:15 (   Orc:2 }

Portals:
Hell: Lair:8 Depths:1 Depths:2
Abyss: Depths:2
Pandemonium: Depths:1

Annotations:
Lair:5 exclusion: oklob plant


Innate Abilities, Weirdness & Mutations

You have claws for feet.
You are mostly covered in iridescent scales (AC +6).
Your flesh is heat resistant.
You sometimes gain power by taking damage.
When hurt, damage is shared between your health and your magic reserves.
You regenerate magic rapidly.
You are immune to clouds of flame.
You have very sharp teeth.
You can translocate small distances at will.
You possess an exceptional clarity of mind.
You are very clumsy. (Dex -4)
Your body is slowly deteriorating.
Your system is resistant to poisons.
Potions and wands are less effective at restoring your health.


Message History

All of the chunks of flesh in your inventory have rotted away.
Evoke which item? (* to show all) (? for menu, Esc to quit)
You open the lid... ...and something leaps out!
Your chimera's water moccasin head hisses angrily.
The crystal guardian fires a crystalline bolt at you.
The crystal bolt burns the crystal guardian.
The crystal guardian completely resists.
The crystal bolt burns you! You resist.
* * * LOW HITPOINT WARNING * * *
You swap places.
Your chimera (water moccasin, sky beast, crocodile) bites the crystal guardian but does no damage.
Your chimera (water moccasin, sky beast, crocodile) hits the crystal guardian but does no damage.
Your chimera (water moccasin, sky beast, crocodile) bites the crystal guardian but does no damage.
The crystal guardian hits your chimera (water moccasin, sky beast, crocodile)!!
The crystal guardian fires a crystalline bolt at you.
The crystal bolt freezes the crystal guardian.
The crystal guardian completely resists.
The crystal bolt misses your chimera (water moccasin, sky beast, crocodile).
The crystal bolt freezes you!
You die...

* ,** #.#
#.# * ** ,,
#.#######.#,
, **
#.........#
, **
#.########
,* #.# * * ,
* #.# *, *
***** #.#
*,* * ** #.#
, , * {∆, *
#@#########
* * *,{{{
#....[.....,
, , ,{ { *
#H#########
* * * {* #8#
* * *****
#.# ** #.# *
*,,* ##8# *
* * ##..# ,,
* #...#


You could see 2 crystal guardians and a friendly chimera (water moccasin, sky
beast, crocodile).

Vanquished Creatures
  the Lernaean hydra (Swamp:5)
  Norris (Swamp:4)
  Agnes (Spider:5)
  Frances (Swamp:2)
  A tengu reaver (Depths:1)
  Kirke (Spider:3)
  5 thorn hunters
  A fire giant (Depths:1)
  4 ghost moths
  Gastronok (Orc:1)
  6 emperor scorpions
  10 war gargoyles (Depths:2)
  3 very ugly things
  A grey draconian (shapeshifter) (Depths:2)
  4 stone giants
  A pale draconian (shapeshifter) (Depths:2)
  The ghost of peterlawrence the Warrior, a powerful MiFi of Okawaru (Lair:3)
  4 dire elephants
  Snorg (Swamp:1)
  8 crystal guardians (Depths:2)
  2 yaktaur captains
  A merfolk impaler (Depths:1)
  Josephine (D:10)
  A minotaur (Depths:1)
  The ghost of Heini the Basher, a powerful MiFi of Okawaru (Bailey)
  2 vault guards (D:14)
  2 fire dragons
  4 ravenous item mimics (Depths:2)
  21 hydras
  Fannar (D:12)
  Harold (Lair:4)
  4 ice dragons
  4 shambling mangroves
  7 centaur warriors
  The ghost of peterlawrence the Basher, an experienced MiFi of Okawaru (Bailey)
  Erica (D:13)
  7 alligators
  2 deep troll earth magi (Depths:1)
  12 dancing weapons (Depths:2)
  2 deep troll shamans (Depths:1)
  5 tengu warriors
  An ogre mage (Depths:1)
  A storm dragon zombie (Depths:1)
  A sun demon (Lair:8)
  6 hell knights (Depths:1)
  A fire crab (Lair:8)
  An unseen horror (D:13)
  2 skeletal warriors (D:15)
  A deep troll (Depths:1)
  13 swamp dragons
  4 wizards
  A giant orange brain (Depths:1)
  A deep troll (shapeshifter) (Depths:2)
  4 hill giants
  Erolcha (D:8)
  A lindwurm (Lair:5)
  22 orb spiders
  2 flayed ghosts
  2 silver statues (Depths:2)
  A deep elf summoner (Depths:1)
  A harpy (shapeshifter) (Depths:2)
  An orc knight (Orc:2)
  4 necromancers
  An oklob plant (Lair:8)
  23 wolf spiders
  An orc sorcerer (Orc:1)
  A wolf spider (shapeshifter) (Depths:1)
  3 mana vipers (shapeshifter) (Depths:2)
  A griffon (D:15)
  16 ugly things
  2 cyclopes
  2 manticores
  A shining eye (shapeshifter) (Depths:2)
  7 black mambas
  6 red wasps
  An octopode (D:11)
  8 elephants
  A frost giant skeleton (D:15)
  4 moths of wrath
  A dire elephant zombie (D:15)
  A queen ant (Lair:2)
  2 octopodes (shapeshifter)
  4 torpor snails
  A smoke demon (Lair:8)
  4 gargoyles
  3 orange demons (Lair:8)
  2 kobold demonologists (D:12)
  An iron devil (Depths:1)
  Psyche (D:12)
  18 spiny frogs
  2 tengu conjurers (D:15)
  A hellwing (Lair:8)
  6 komodo dragons
  17 demonic crawlers
  5 blue devils
  3 red devils (Lair:8)
  14 yaktaurs
  3 fire drakes
  An efreet (D:15)
  37 jumping spiders
  6 trolls
  A freezing wraith (D:15)
  A wandering mushroom (Lair:5)
  6 giant leeches
  A queen bee (D:8)
  2 polar bears
  5 wind drakes (Depths:2)
  A fire vortex (Depths:2)
  Sonja (Orc:2)
  A queen bee (shapeshifter) (Depths:2)
  5 boulder beetles
  A two-headed ogre (D:14)
  15 blink frogs
  16 ravens
  A boulder beetle (shapeshifter) (Depths:2)
  13 slime creatures
  2 basilisks
  A baby alligator (shapeshifter) (Depths:2)
  An ettin zombie (D:15)
  A raven (shapeshifter) (D:13)
  2 bog bodies
  31 trapdoor spiders
  2 vampires
  5 air elementals (Depths:2)
  4 deep troll skeletons
  7 spriggans
  5 shadows
  51 redbacks
  4 water elementals
  A centaur simulacrum (D:15)
  A fire dragon skeleton (D:15)
  29 tarantellas
  A wyvern (shapeshifter) (Depths:2)
  2 trapdoor spiders (shapeshifter)
  A hill giant zombie (D:10)
  54 yaks
  Eustachio (D:7)
  A hell beast (Depths:1)
  18 humans (D:14)
  Grum (D:11)
  25 vampire mosquitoes
  2 wraiths
  A hill giant skeleton (D:14)
  A hippogriff (shapeshifter) (Depths:2)
  18 fire elementals
  4 hogs
  8 hippogriffs
  6 hungry ghosts
  34 swamp worms
  Edmund (D:5)
  2 mottled dragons
  Menkaure (D:5)
  26 water moccasins
  4 wolves
  15 orc warriors
  21 soldier ants
  A tengu skeleton (D:15)
  10 yellow wasps
  2 hell hounds
  30 spiders
  18 swamp drakes
  11 porcupines
  A griffon simulacrum (D:15)
  A spider (shapeshifter) (Depths:2)
  2 human skeletons (Depths:1)
  3 sky beasts
  A black bear (D:12)
  11 ogres
  10 ice beasts
  3 boggarts
  20 crocodiles
  3 necrophages
  2 boring beetles (Lair:8)
  A crocodile (shapeshifter) (Depths:2)
  A hill giant simulacrum (D:14)
  6 big kobolds
  Sigmund (D:2)
  14 centaurs
  23 giant frogs
  A brain worm (D:13)
  5 earth elementals (Depths:2)
  An eye of draining (D:15)
  23 insubstantial wisps
  12 wights
  A hippogriff zombie (D:10)
  A tengu zombie (D:10)
  18 killer bees
  8 scorpions
  5 electric eels
  7 crimson imps
  2 goliath beetles (D:7)
  11 hounds
  2 centaur zombies
  3 giant frog zombies
  3 human zombies
  2 black bear zombies
  12 orc priests
  2 quasits
  7 jellies
  2 giant frog skeletons
  A hound (shapeshifter) (Depths:2)
  13 orc wizards
  8 iguanas
  25 worker ants
  3 centaur skeletons
  Ijyb (D:2)
  An ogre skeleton (D:10)
  A soldier ant simulacrum (D:10)
  3 mummies
  3 gnolls
  18 adders
  4 orc skeletons
  4 shadow imps
  3 giant mites
  59 green rats
  A white imp (D:12)
  11 worms
  A worm (shapeshifter) (Depths:1)
  An ufetubus (D:7)
  An iguana zombie (D:8)
  9 giant geckos
  17 oozes
  108 orcs
  A ball python (D:3)
  23 bats
  A bat skeleton (D:5)
  3 bat zombies
  24 goblins
  27 hobgoblins
  11 jackals
  17 quokkas
  A ball python skeleton (D:5)
  4 giant cockroaches
  A giant gecko zombie (D:6)
  10 giant newts
  A goblin zombie (D:5)
  A hobgoblin zombie (D:5)
  48 kobolds
  A kobold skeleton (D:4)
  An orc zombie (D:10)
  21 rats
  A spectral orc (D:7)
  A ballistomycete (D:15)
  5 briar patches (Swamp:4)
  19 fungi
  9 plants
1716 creatures vanquished.

Vanquished Creatures (collateral kills)
  A chimera (Swamp:4)
1 creature vanquished.

Vanquished Creatures (others)
  A hydra (Swamp:5)
  9 ball lightnings (Depths:2)
  A red wasp (Spider:5)
  A jumping spider (Spider:5)
  A basilisk (shapeshifter) (Depths:2)
  2 redbacks
  4 water elementals (Depths:2)
  A boggart (Depths:1)
  6 chimeras
  An adder (D:8)
  A giant gecko (D:6)
  2 giant spores
  A ballistomycete (D:6)
  6 fungi
  5 plants
42 creatures vanquished.

Grand Total: 1759 creatures vanquished

Notes
Turn   | Place    | Note
--------------------------------------------------------------
     0 | D:1      | IkaDoka, the Demonspawn Gladiator, began the quest for the Orb.
     0 | D:1      | Reached XP level 1. HP: 16/16 MP: 1/1
   147 | D:1      | Gained mutation: You are partially covered in iridescent scales (AC +4). [demonic ancestry]
   147 | D:1      | Reached XP level 2. HP: 22/22 MP: 2/2
   356 | D:1      | Reached skill level 3 in Axes
   704 | D:2      | Gained mutation: You are mostly covered in iridescent scales (AC +6). [demonic ancestry]
   704 | D:2      | Reached XP level 3. HP: 19/27 MP: 3/3
  1004 | D:2      | Noticed Ijyb
  1021 | D:2      | Killed Ijyb
  1021 | D:2      | Reached skill level 1 in Armour
  1069 | D:2      | Reached XP level 4. HP: 25/34 MP: 4/4
  1141 | D:2      | Noticed Sigmund
  1149 | D:2      | Killed Sigmund
  1149 | D:2      | Reached XP level 5. HP: 34/40 MP: 5/5
  1407 | D:3      | Found a shattered altar of Ashenzari.
  1410 | D:3      | Found an iron altar of Okawaru.
  1440 | D:3      | Became a worshipper of Ashenzari the Shackled
  1778 | D:3      | Found a bloodstained altar of Trog.
  2260 | D:3      | Found a shadowy altar of Dithmenos.
  2626 | D:4      | Gained mutation: You have sharp toenails. [demonic ancestry]
  2626 | D:4      | Reached XP level 6. HP: 41/47 MP: 6/6
  2881 | D:4      | Found a staircase to the Ecumenical Temple.
  3005 | Temple   | Entered the Ecumenical Temple
  3690 | D:5      | Entered Level 5 of the Dungeon
  3701 | D:5      | Reached skill level 4 in Axes
  4020 | D:5      | Found a snail-covered altar of Cheibriados.
  4077 | D:5      | Noticed Edmund
  4090 | D:5      | Killed Edmund
  4090 | D:5      | Gained mutation: When hurt, damage is shared between your health and your magic reserves. [demonic ancestry]
  4090 | D:5      | Reached XP level 7. HP: 49/53 MP: 7/7
  4862 | D:5      | Noticed Menkaure
  4871 | D:5      | Killed Menkaure
  5362 | D:6      | Reached XP level 8. HP: 61/61 MP: 8/8
  5520 | D:6      | Reached skill level 5 in Axes
  5549 | D:6      | Reached skill level 5 in Fighting
  6093 | D:6      | Reached skill level 5 in Dodging
  7015 | D:7      | Reached skill level 5 in Throwing
  7015 | D:7      | Gained mutation: You have razor-sharp toenails. [demonic ancestry]
  7015 | D:7      | Reached XP level 9. HP: 64/66 MP: 9/9
  7059 | D:7      | Reached skill level 5 in Armour
  7788 | D:7      | Found a basalt altar of Yredelemnul.
  7948 | D:7      | Noticed Eustachio
  8037 | D:7      | Killed Eustachio
  8037 | D:7      | Reached skill level 6 in Fighting
  8162 | D:8      | Found a white marble altar of Elyvilon.
  8795 | D:8      | Noticed Erolcha
  8816 | D:8      | Killed Erolcha
  9349 | D:8      | Reached XP level 10. HP: 43/76 MP: 7/10
 10119 | D:8      | Reached skill level 7 in Fighting
 10472 | D:9      | Found a staircase to the Lair.
 10878 | D:9      | Found a sparkling altar of Nemelex Xobeh.
 11259 | D:10     | Entered Level 10 of the Dungeon
 12259 | D:10     | Found a staircase to the Orcish Mines.
 12329 | D:10     | Noticed Josephine
 12345 | D:10     | Killed Josephine
 12345 | D:10     | Reached skill level 8 in Fighting
 12690 | D:10     | Gained mutation: You sometimes gain a little power by taking damage. [demonic ancestry]
 12690 | D:10     | Reached XP level 11. HP: 69/85 MP: 9/11
 13214 | D:10     | Noticed a hill giant
 13240 | D:10     | Killed a hill giant
 13640 | D:11     | Noticed Grum
 13943 | D:11     | Killed Grum
 14225 | D:11     | Found a frozen archway.
 14246 | IceCv    | Entered an ice cave
 14246 | IceCv    | Acquired Ashenzari's first power
 14262 | IceCv    | Reached skill level 9 in Fighting
 14281 | IceCv    | Noticed an ice statue
 14281 | IceCv    | Noticed an ice statue
 14281 | IceCv    | Noticed peterlawrence's ghost (powerful MiFi)
 14282 | IceCv    | Identified the amulet of Atheism {Spirit +Blink +Rage}
 14402 | D:11     | Noticed a hill giant
 14415 | D:11     | Killed a hill giant
 14543 | D:11     | Noticed Nessos
 14552 | D:11     | Identified the +1 ring mail "Gufaret" {+Fly}
 14554 | D:11     | Noticed Nessos
 14554 | D:11     | Nessos changed into Nessos the octopode
 14566 | D:11     | Killed Nessos the octopode
 14956 | D:11     | Found Kloegur's Antique Weapon Emporium.
 15292 | D:12     | Noticed Psyche
 15299 | D:12     | Killed Psyche
 15474 | D:12     | Noticed a hill giant
 15480 | D:12     | Killed a hill giant
 15495 | D:12     | Acquired Ashenzari's second power
 15700 | D:12     | Reached XP level 12. HP: 92/95 MP: 10/12
 15744 | D:12     | Noticed Fannar
 15757 | D:12     | Killed Fannar
 16112 | D:12     | Identified the +5 trident of Sabu {freeze, MR+ Str-5} (You found it on level 8 of the Dungeon)
 16159 | D:12     | Identified the +9 mace "Feefir" {crush, rF+}
 16921 | D:13     | Reached skill level 10 in Fighting
 17069 | D:13     | Noticed Erica
 17092 | D:13     | Killed Erica
 17199 | D:13     | Identified a scroll of acquirement
 17443 | D:13     | Noticed a centaur warrior
 17457 | D:13     | Killed a centaur warrior
 17901 | D:14     | Noticed a centaur warrior
 17978 | D:13     | Reached skill level 10 in Axes
 18091 | D:13     | Killed a centaur warrior
 18091 | D:13     | Reached skill level 10 in Dodging
 18345 | D:14     | Noticed a five-headed hydra
 18591 | D:14     | Killed a five-headed hydra
 18609 | D:14     | Noticed a centaur warrior
 18622 | D:14     | Killed a centaur warrior
 18787 | D:14     | Gained mutation: You have claws for feet. [demonic ancestry]
 18787 | D:14     | Reached XP level 13. HP: 85/104 MP: 10/13
 18894 | D:14     | Reached skill level 10 in Armour
 18992 | D:14     | Reached skill level 11 in Fighting
 19062 | D:14     | Found a gate to the Vaults.
 19063 | D:14     | Noticed a vault guard
 19064 | D:14     | Noticed a vault guard
 19079 | D:14     | Killed a vault guard
 19082 | D:14     | Killed a vault guard
 19657 | D:14     | Noticed a fire dragon
 19675 | D:14     | Killed a fire dragon
 19993 | D:15     | Entered Level 15 of the Dungeon
 20108 | D:15     | Found a staircase to the Depths.
 21348 | D:15     | Found Araar's Antique Weapon Boutique.
 21353 | D:15     | Bought a steaming battleaxe for 299 gold pieces
 21353 | D:15     | Identified the +4 battleaxe of Sijinuf {freeze, +Fly rN+} (You bought it in a shop on level 15 of the Dungeon)
 21660 | D:15     | Reached skill level 12 in Fighting
 21903 | D:15     | Reached XP level 14. HP: 111/114 MP: 14/14
 22754 | Lair:1   | Entered Level 1 of the Lair of Beasts
 22886 | Lair:1   | Acquired Ashenzari's third power
 24849 | Lair:3   | Found a hole to the Spider Nest.
 25168 | Lair:3   | Noticed peterlawrence's ghost (powerful MiFi)
 25206 | Lair:3   | Killed peterlawrence's ghost
 25858 | Lair:4   | Noticed Harold
 25881 | Lair:4   | Killed Harold
 25923 | Lair:4   | Found a staircase to the Swamp.
 25958 | Lair:4   | Acquired Ashenzari's fourth power
 26369 | Lair:4   | Reached skill level 1 in Evocations
 27059 | Lair:5   | Reached skill level 13 in Fighting
 27817 | Lair:6   | Found a dark tunnel.
 27822 | Volcano  | Entered a volcano
 28169 | Lair:6   | Gained mutation: Your flesh is heat resistant. [demonic ancestry]
 28169 | Lair:6   | Reached XP level 15. HP: 105/122 MP: 17/20
 29452 | Lair:8   | Entered Level 8 of the Lair of Beasts
 29883 | Lair:8   | Found a burning altar of Makhleb.
 29938 | Lair:8   | Found a gateway to Hell.
 30291 | Lair:8   | Identified the cursed +0 leather armour of the Four Dances {Slay+6}
 30406 | Lair:8   | Found a viscous altar of Jiyva.
 30406 | Lair:8   | Found a staircase to the Slime Pits.
 30406 | Lair:8   | Noticed an acid blob
 30539 | Lair:8   | Reached skill level 5 in Evocations
 31158 | Spider:1 | Entered Level 1 of the Spider Nest
 31228 | Spider:1 | Identified the +1 leather armour of Hangman {+Rage rElec Slay+6}
 33461 | Spider:3 | Reached skill level 14 in Fighting
 33467 | Spider:3 | Identified the +0 robe of Taexotol {Slay+3}
 33477 | Spider:3 | Gained mutation: You regenerate magic rapidly. [demonic ancestry]
 33477 | Spider:3 | Reached XP level 16. HP: 119/132 MP: 24/25
 33619 | Spider:3 | Identified the +2 robe of Day {Str+2 Stlth+}
 33653 | Spider:3 | Identified the cursed -4 chain mail "Beungo Klume" {rF+ rC+ Str+2}
 34228 | Spider:3 | Noticed Kirke
 35443 | Spider:3 | Killed Kirke
 37123 | Spider:5 | Entered Level 5 of the Spider Nest
 37203 | Spider:5 | Noticed Agnes
 37218 | Spider:5 | Killed Agnes
 38957 | Spider:5 | Reached XP level 17. HP: 114/139 MP: 5/27
 39594 | Spider:5 | Reached skill level 15 in Fighting
 39713 | Spider:5 | Got a gossamer rune of Zot
 39981 | Lair:2   | Identified the +6 mace "Thonelaq" {elec, rC+} (You found it on level 2 of the Lair of Beasts)
 40133 | Orc:1    | Entered Level 1 of the Orcish Mines
 40276 | Orc:1    | Identified the +7 halberd of Intimidation {pain, +Rage rPois rN+} (You took it off a centaur warrior on level 15 of the Dungeon)
 40509 | Orc:2    | Found a flagged portal.
 40515 | Bailey   | Entered a bailey
 40635 | Bailey   | Found a burning altar of Makhleb.
 40635 | Bailey   | Noticed Heini's ghost (powerful MiFi)
 40636 | Bailey   | Identified the cursed +0 leather armour of Trog's Benevolence {Str+4 Int+1}
 40636 | Bailey   | Noticed peterlawrence's ghost (experienced MiFi)
 40652 | Bailey   | Killed peterlawrence's ghost
 40655 | Bailey   | Killed Heini's ghost
 40763 | Orc:2    | Noticed Sonja
 40764 | Orc:2    | Killed Sonja
 41103 | Orc:2    | Found Mozadiach's Gadget Boutique.
 41175 | Orc:2    | Bought a wand of paralysis (6) for 112 gold pieces
 41175 | Orc:2    | Bought a box of beasts for 280 gold pieces
 41507 | Orc:1    | Noticed Gastronok
 41517 | Orc:1    | Killed Gastronok
 41901 | Swamp:1  | Entered Level 1 of the Swamp
 42772 | Swamp:1  | Noticed Snorg
 42773 | Swamp:1  | Identified the +3 scale mail "Pyd Dor" {Str-2 Slay+2 Curse}
 42779 | Swamp:1  | Killed Snorg
 43302 | Swamp:2  | Noticed Frances
 43315 | Swamp:2  | Killed Frances
 43400 | Swamp:2  | Got the cursed buckler "Arosh" {+Rage MR+ SInv}
 44040 | Swamp:3  | Identified a -1 rod of clouds (13/13)
 45599 | Swamp:4  | Noticed Norris
 45630 | Swamp:4  | Killed Norris
 46110 | Swamp:4  | Gained mutation: You sometimes gain power by taking damage. [demonic ancestry]
 46110 | Swamp:4  | Reached XP level 18. HP: 138/148 MP: 28/29
 46723 | Swamp:5  | Entered Level 5 of the Swamp
 47715 | Swamp:5  | Noticed the 27-headed Lernaean hydra
 47726 | Swamp:5  | Killed the 26-headed Lernaean hydra
 48132 | Swamp:5  | Got a decaying rune of Zot
 49116 | Depths:1 | Entered Level 1 of the Depths
 49352 | D:15     | Gained mutation: You have a pair of small horns on your head. [mutagenic meat]
 50232 | Depths:1 | Reached skill level 15 in Armour
 50250 | Depths:1 | Reached skill level 10 in Evocations
 50262 | Depths:1 | Gained mutation: You are completely covered in iridescent scales (AC +8). [mutagenic meat]
 50263 | Depths:1 | Gained mutation: You are agile. (Dex +2) [mutagenic meat]
 50344 | Depths:1 | Gained mutation: You are frail (-10% HP). [mutagenic meat]
 50345 | Depths:1 | Lost mutation: You have a pair of small horns on your head. [potion of cure mutation]
 50345 | Depths:1 | Lost mutation: You are frail (-10% HP). [potion of cure mutation]
 50345 | Depths:1 | Lost mutation: You are agile. (Dex +2) [potion of cure mutation]
 51145 | Swamp:2  | Identified the cursed -1 buckler "Arosh" {+Rage MR+ SInv} (You acquired it on level 2 of the Swamp)
 51668 | Depths:1 | Found a one-way gate leading to the halls of Pandemonium.
 51758 | Depths:1 | Reached skill level 1 in Shields
 52195 | Depths:1 | Reached skill level 16 in Fighting
 52455 | Depths:2 | Gained mutation: You are immune to clouds of flame. [demonic ancestry]
 52455 | Depths:2 | Reached XP level 19. HP: 156/156 MP: 31/31
 52631 | Depths:2 | Gained mutation: Your system is resistant to poisons. [mutagenic meat]
 52632 | Depths:2 | Gained mutation: You can translocate small distances at will. [mutagenic meat]
 52633 | Depths:2 | Gained mutation: You are weak. (Str -2) [mutagenic meat]
 52647 | Depths:2 | Reached skill level 15 in Dodging
 52664 | Depths:2 | Gained mutation: You are clumsy. (Dex -2) [mutagenic meat]
 52665 | Depths:2 | Gained mutation: You are very clumsy. (Dex -4) [mutagenic meat]
 52666 | Depths:2 | Gained mutation: You possess an exceptional clarity of mind. [potion of mutation]
 52666 | Depths:2 | Gained mutation: You have very sharp teeth. [potion of mutation]
 52666 | Depths:2 | Lost mutation: You are completely covered in iridescent scales (AC +8). [potion of mutation]
 52667 | Depths:2 | Gained mutation: Potions and wands are less effective at restoring your health. [potion of mutation]
 52667 | Depths:2 | Lost mutation: You are weak. (Str -2) [potion of mutation]
 52699 | Depths:2 | Gained mutation: Your body is slowly deteriorating. [mutagenic meat]
 52938 | Depths:2 | HP: 2/156 [crystal guardian/crystal bolt (38)]
 53772 | Depths:2 | Reached skill level 5 in Shields
 54176 | Depths:2 | Identified the ring of Relativism {-Tele +Rage rC+ Str+1 Stlth++}
 54577 | Depths:2 | Identified a -1 rod of striking (10/10)
 54634 | Depths:2 | Found a one-way gate to the infinite horrors of the Abyss.
 54873 | Depths:2 | HP: 6/158 [dire flail of draining (3)]
 54887 | Depths:2 | HP: 6/158 [dire flail of draining (5)]
 55922 | Depths:3 | Identified the +1 scale mail "Fuyddyle" {rPois}
 55968 | Depths:3 | HP: 6/158 [crystal guardian (illusionary)/crystal bolt (8)]
 55971 | Depths:3 | Killed from afar by a crystal guardian (illusionary)

Action                   |  1- 3 |  4- 6 |  7- 9 | 10-12 | 13-15 | 16-18 | 19-21 || total
-------------------------+-------+-------+-------+-------+-------+-------+-------++-------
Melee: War axe           |   103 |   257 |   560 |   496 |       |       |       ||  1416
       Battleaxe         |       |       |       |   469 |  1443 |  1615 |       ||  3527
       Unarmed           |       |       |       |       |       |    13 |       ||    13
       Broad axe         |       |       |       |       |       |   160 |   433 ||   593
Throw: Throwing net      |       |     3 |       |       |       |     5 |       ||     8
       Tomahawk          |       |       |       |       |       |    15 |     3 ||    18
 Abil: Evoke Flight      |       |       |       |       |       |     4 |       ||     4
Evoke: Wand              |       |     5 |       |    37 |    26 |    26 |    13 ||   107
       Box of beasts     |       |       |       |       |       |     6 |     9 ||    15
       Crystal ball of e |       |       |       |       |       |     3 |     1 ||     4
  Use: Scroll            |       |     3 |    12 |    19 |    16 |    22 |     3 ||    75
       Potion            |       |       |     3 |     2 |     2 |    10 |    10 ||    27
 Stab: Held in net/web   |       |     2 |       |       |       |     1 |       ||     3
       Sleeping          |       |     3 |       |       |       |       |       ||     3
       Confused          |       |       |       |       |     1 |       |       ||     1
       Paralysed         |       |       |       |       |       |       |     6 ||     6
  Eat: Chunk             |     1 |    10 |    21 |    18 |    27 |    24 |     8 ||   109
       Fruit             |       |       |       |     9 |     5 |    13 |       ||    27
       Royal jelly       |       |       |       |     1 |       |     4 |       ||     5
       Bread ration      |       |       |       |     1 |       |     1 |       ||     2
       Beef jerky        |       |       |       |       |     2 |     1 |       ||     3
       Meat ration       |       |       |       |       |     2 |     4 |     2 ||     8
       Pizza             |       |       |       |       |     4 |       |       ||     4
